 Dungeon Crawl Stone Soup version 0.17-a0-896-g249456b (webtiles) character file.

807 inmateoo the Digger (level 7, -1/56 HPs)
             Began as a Red Draconian Earth Elementalist on May 1, 2015.
             Was an Initiate of Sif Muna.
             Slain by an ogre
             ... wielding a +0 giant club
              (26 damage)
             ... on level 5 of the Dungeon.
             The game lasted 00:13:58 (6334 turns).

inmateoo the Digger (DrEE)                          Turns: 6334, Time: 00:13:58

Health: -1/56      AC:  8    Str: 11    XL:     7   Next: 60%
Magic:  12/12      EV: 13    Int: 19    God:    Sif Muna [......]
Gold:   260        SH:  0    Dex: 11    Spells: 4 memorised, 4 levels left

rFire  + . .     SeeInvis .     a - +1 trident (freeze)
rCold  . . .     Clarity  .     (armour unavailable)
rNeg   . . .     SustAb   .     (no shield)
rPois  +         Gourm    .     (helmet restricted)
rElec  .         Spirit   .     (no cloak)
rCorr  .         Warding  .     (no gloves)
rMut   .         Stasis   .     (no boots)
MR     .....                    (no amulet)
Stlth  ++........               l - +2 ring of protection
                                u - ring of poison resistance

@: not resistant to hostile enchantments, unstealthy
A: breathe fire, unfitting armour, horns 1, talons 1, blurry vision 1, clever 1,
deterioration 1, fire resistance 1, wild magic 1, cold-blooded, AC +6
a: Breathe Fire, Renounce Religion


You were on level 5 of the Dungeon.
You worshipped Sif Muna.
Sif Muna was noncommittal.
You were hungry.

You visited 2 branches of the dungeon, and saw 6 of its levels.

You collected 260 gold pieces.

Inventory:

Hand weapons
 a - a +1 trident of freezing (weapon)
Missiles
 v - 176 stones (quivered)
Jewellery
 f - a +4 ring of dexterity
 l - a +2 ring of protection (right hand)
 o - an uncursed ring of stealth
 u - a ring of poison resistance (left hand)
Magical devices
 r - a wand of enslavement (19)
Scrolls
 d - 3 scrolls of immolation
 g - a scroll of teleportation
 n - a scroll of enchant armour
 t - a scroll of fog
 w - 2 scrolls of remove curse
Potions
 e - a potion of poison {unknown}
 h - a potion of flight {unknown}
 m - a potion of might
 p - 4 potions of curing
 s - 3 potions of lignification
 x - 2 potions of cancellation {unknown}
 B - a potion of cure mutation
Books
 c - a book of Geomancy

   Spells                             Type                      Level
   a - Sandblast                      Earth                        1
   b - Stoneskin                      Transmutation/Earth          2
   c - Passwall                       Transmutation/Earth          3
   d - Stone Arrow                    Conjuration/Earth            3
   e - Petrify                        Transmutation/Earth          4
   f - Lee's Rapid Deconstruction     Earth                        5
 q - a book of Necromancy

   Spells                             Type                      Level
   a - Pain                           Necromancy                   1
   b - Animate Skeleton               Necromancy                   1
   c - Vampiric Draining              Necromancy                   3
   d - Regeneration                   Charms/Necromancy            3
   e - Animate Dead                   Necromancy                   4
   f - Control Undead                 Necromancy                   4
 y - a book of Annihilations {highlevel, unknown}

   This book is beyond your current level of understanding.

   Spells                             Type                      Level
   a - Poison Arrow                   Conjuration/Poison           6
   b - Chain Lightning                Conjuration/Air              8
   c - Lehudib's Crystal Spear        Conjuration/Earth            8
   d - Glaciate                       Conjuration/Ice              9
   e - Fire Storm                     Conjuration/Fire             9
Comestibles
 b - 4 bread rations
 i - a royal jelly
 j - a slice of pizza
 k - 5 fruits
 A - a beef jerky


   Skills:
 + Level 2.7 Fighting
 + Level 3.8 Dodging
 + Level 4.7 Stealth
 + Level 3.9 Spellcasting
 - Level 1.0 Transmutations
 - Level 5.0 Earth Magic


You had 4 spell levels left.
You knew the following spells:

 Your Spells              Type           Power        Failure   Level  Hunger
a - Sandblast             Erth           ####..       4%          1    None
b - Stoneskin             Trmt/Erth      ###.....     16%         2    ##.....
c - Stone Arrow           Conj/Erth      ###...       26%         3    ###....
d - Regeneration          Chrm/Necr      #.........   67%         3    ###....


Dungeon Overview and Level Annotations

Branches:
Dungeon (5/15)             Temple (1/1) D:4

Altars:
Ashenzari
Cheibriados
Dithmenos
Elyvilon
Fedhas
Kikubaaqudgha
Makhleb
Nemelex Xobeh
Okawaru
Qazlal
Ru
Sif Muna
Trog
Vehumet
Xom
Yredelemnul
Zin
The Shining One

Annotations:
D:3 Robin


Innate Abilities, Weirdness & Mutations

You can breathe blasts of fire.
Your fiery red scales are hard (AC +6).
Your body does not fit into most forms of armour.
Your flesh is heat resistant.
You are cold-blooded and may be slowed by cold attacks.
You have a pair of small horns on your head.
You have sharp toenails.
Scrolls take you a little longer to read.
Your mind is acute. (Int +2)
Your body sometimes deteriorates upon taking damage.
Your spells are a little harder to cast, but a little more powerful.


Message History

You kill the kobold!
You are feeling hungry.
No target in view!
Key pressed, stopping explore.
No target in view!
An ogre comes into view. It is wielding a giant club.
The ogre shouts!
An ogre is nearby!
Attack whom?
Press: ? - help, Dir - move target cursor, f - ogre
Aim: an ogre, wielding a giant club You reach to attack!
You barely miss the ogre. You hit the ogre. You freeze the ogre.
The ogre is lightly wounded.
The ogre hits you with a giant club!!
Ouch! That really hurt!
You hit the ogre. You freeze the ogre.
The ogre is moderately wounded.
The ogre hits you with a giant club!!
You die...

.....##...# #...###....'#.#.#'..)
......###..#..........##..#..##..
.......# #...........♣#.._#_..#♣.
.......##......#####.############
..........#....## ##.♣#.._#_..#♣#
.........## #...###...##..#..##.#
.........## #..#.)....'#.#.#'...
..^.......# ##...O####..#####....
.......##.###...@## #...♣ ♣..###
......###.....##..# #..## #.## #
....### #..######.####..# #..#
..)## ##.## ##.....#.## #..#
..<.####..#####........#####..# #
..............#.#.#.#.#.......###
#.......###......................
)......## ##.##.......#..........
.......# ##...)........##....##


You could see an ogre.

Vanquished Creatures
  An ogre (D:5)
  A crimson imp (D:5)
  Ijyb (D:2)
  2 orc priests (D:4)
  3 orc wizards (D:4)
  4 hounds
  Natasha (twice) (D:2)
  5 worker ants
  6 adders
  7 gnolls
  An ooze (D:1)
  2 worms (D:3)
  2 giant geckos
  9 orcs
  2 ball pythons
  12 goblins
  19 hobgoblins
  10 jackals
  2 quokkas
  17 bats
  3 giant cockroaches
  2 giant newts
  A jackal skeleton (D:4)
  10 kobolds
  14 rats
138 creatures vanquished.

Vanquished Creatures (others)
  An orc (D:4)
1 creature vanquished.

Grand Total: 139 creatures vanquished

Notes
Turn   | Place    | Note
--------------------------------------------------------------
     0 | D:1      | inmateoo, the Draconian Earth Elementalist, began the quest for the Orb.
     0 | D:1      | Reached XP level 1. HP: 14/14 MP: 3/3
   326 | D:1      | Reached XP level 2. HP: 8/20 MP: 0/5
  1014 | D:1      | Reached XP level 3. HP: 22/26 MP: 1/6
  1903 | D:2      | Found a radiant altar of Vehumet.
  1964 | D:2      | Noticed Ijyb
  1978 | D:2      | Killed Ijyb
  1978 | D:2      | Reached XP level 4. HP: 22/33 MP: 1/7
  2856 | D:2      | Reached skill level 4 in Earth Magic
  2856 | D:2      | Reached XP level 5. HP: 31/38 MP: 5/8
  3055 | D:3      | Noticed Natasha
  3752 | D:3      | Noticed Robin
  3791 | D:2      | Killed Natasha
  3840 | D:2      | Noticed Natasha
  3847 | D:2      | Killed Natasha
  4215 | D:4      | Learned a level 2 spell: Stoneskin
  4219 | D:4      | Learned a level 3 spell: Stone Arrow
  4223 | D:4      | Learned a level 3 spell: Regeneration
  4320 | D:4      | Reached XP level 6. HP: 37/46 MP: 0/10
  4815 | D:4      | Found an iron altar of Okawaru.
  4849 | D:4      | Reached skill level 1 in Fighting
  5165 | D:4      | Gained mutation: You have a pair of small horns on your head. [potion of mutation]
  5165 | D:4      | Gained mutation: Your mind is acute. (Int +2) [potion of mutation]
  5165 | D:4      | Gained mutation: You have sharp toenails. [potion of mutation]
  5166 | D:4      | Gained mutation: Your spells are a little harder to cast, but a little more powerful. [potion of mutation]
  5166 | D:4      | Gained mutation: Scrolls take you a little longer to read. [potion of mutation]
  5166 | D:4      | Gained mutation: Your body sometimes deteriorates upon taking damage. [potion of mutation]
  5250 | D:4      | Found a staircase to the Ecumenical Temple.
  5260 | Temple   | Entered the Ecumenical Temple
  5388 | D:5      | Entered Level 5 of the Dungeon
  5418 | D:5      | Reached skill level 5 in Earth Magic
  5427 | D:5      | Your scales start taking on a fiery red colour.
  5427 | D:5      | Gained mutation: Your flesh is heat resistant. [Red Draconian growth]
  5427 | D:5      | Reached XP level 7. HP: 29/53 MP: 12/12
  5558 | D:5      | Found a snail-covered altar of Cheibriados.
  5571 | D:5      | Found a bloodstained altar of Trog.
  5601 | D:5      | Found a shattered altar of Ashenzari.
  5642 | D:5      | Found a deep blue altar of Sif Muna.
  5652 | D:5      | Became a worshipper of Sif Muna the Loreminder
  5958 | D:5      | Found a burning altar of Makhleb.
  5960 | D:5      | Found a blossoming altar of Fedhas.
  5969 | D:5      | Found a shadowy altar of Dithmenos.
  6010 | D:5      | Found a glowing silver altar of Zin.
  6010 | D:5      | Found a glowing golden altar of the Shining One.
  6334 | D:5      | Slain by an ogre

Action                   |  1- 3 |  4- 6 |  7- 9 || total
-------------------------+-------+-------+-------++-------
Melee: Unarmed           |    71 |   176 |       ||   247
       Trident           |       |    26 |    83 ||   109
       Morningstar       |       |     5 |       ||     5
 Cast: Sandblast         |    60 |   151 |     5 ||   216
       Stone Arrow       |       |     1 |       ||     1
       Stoneskin         |       |       |     1 ||     1
 Abil: Breathe Fire      |       |       |     1 ||     1
  Use: Scroll            |       |    15 |       ||    15
       Potion            |       |     3 |       ||     3
 Stab: Sleeping          |       |     3 |     2 ||     5
  Eat: Chunk             |     2 |    11 |     4 ||    17
       Fruit             |     2 |       |       ||     2
